 Dungeon Crawl Stone Soup version 0.21.1-1-g345015f (webtiles) character file.

3227 troglodite the Skirmisher (level 9, -1/71 HPs)
             Began as a Demonspawn Berserker on June 6, 2018.
             Was an Elder of Trog.
             Killed from afar by Erica (28 damage)
             ... with an orb of energy
             ... on level 8 of the Dungeon.
             The game lasted 00:20:41 (7970 turns).

troglodite the Skirmisher (Demonspawn Berserker)    Turns: 7970, Time: 00:20:42

Health: -1/71      AC: 12    Str: 17    XL:     9   Next: 66%
Magic:  9/9        EV:  9    Int:  9    God:    Trog [****..]
Gold:   476        SH:  0    Dex: 16    Spells: 8/8 levels left

rFire    + . .     SeeInvis +   x - +3 flail of Deflation {flame, rN+ SInv} (curse)
rCold    . . .     Gourm    .   v - +0 large shield
rNeg     + . .     Faith    .   k - +0 scale mail (curse)
rPois    .         Spirit   .   (helmet restricted)
rElec    .         Reflect  .   D - +1 cloak
rCorr    .         Harm     .   (no gloves)
MR       .....                  r - +2 pair of boots {Stlth+}
Stlth    +.........             (no amulet)
HPRegen  0.21/turn              (no ring)
MPRegen  0.11/turn              (no ring)

@: confused, lethally poisoned (-1 -> -7), berserk cooldown, slowed, very slow
A: horns 2, talons 2, fire resistance 1
a: Berserk, Trog's Hand, Brothers in Arms, Burn Spellbooks, Renounce Religion


You were on level 8 of the Dungeon.
You worshipped Trog.
Trog was greatly pleased with you.
You were very hungry.

You visited 1 branch of the dungeon, and saw 8 of its levels.
You also visited: Ossuary.

You collected 476 gold pieces.

Inventory:

Hand Weapons
 a - a +0 falchion
 x - the cursed +3 flail of Deflation (weapon) {flame, rN+ SInv}
   (You found it on level 6 of the Dungeon)

   It has been specially enchanted to burn those struck by it, causing extra
   injury to most foes and up to half again as much damage against particularly
   susceptible opponents.
   It protects you from negative energy.
   It lets you see invisible.
   It has a curse placed upon it.
 y - a +3 long sword
Armour
 k - a cursed +0 scale mail (worn)
 m - a +0 plate armour
 r - a +2 pair of boots of stealth (worn)
 v - a +0 large shield (worn)
 D - a +1 cloak (worn)
Jewellery
 E - a cursed ring of loudness {unknown}
Wands
 f - a wand of flame (19)
 C - a wand of scattershot (2)
Scrolls
 g - 3 scrolls of teleportation {unknown}
 h - a scroll of random uselessness {unknown}
 n - 3 scrolls of magic mapping {unknown}
 o - 3 scrolls of amnesia {unknown}
 s - 2 scrolls of blinking {unknown}
 t - a scroll of enchant armour {unknown}
 w - a scroll of fog {unknown}
 z - 3 scrolls of noise {unknown}
 B - 2 scrolls of identify
Potions
 b - a potion of brilliance
 d - a potion of resistance
 e - 7 potions of might
 i - a potion of agility
 j - a potion of lignification
 l - a potion of berserk rage {unknown}
 p - 7 potions of curing
 q - 4 potions of haste
 u - 2 potions of ambrosia
 A - 2 potions of invisibility {unknown}
Comestibles
 c - 15 rations
 F - 7 chunks of flesh


   Skills:
 * Level 6.5 Fighting
 + Level 5.8 Long Blades
 + Level 2.6 Maces & Flails
 * Level 5.3 Armour
 * Level 4.9 Dodging
 + Level 1.2 Stealth
 * Level 6.3 Shields


You had 8 spell levels left.
You didn't know any spells.

Dungeon Overview and Level Annotations

Branches:
Dungeon (8/15)             Temple (0/1) D:5
   Lair: D:8-11

Altars:
Elyvilon
Qazlal
Uskayaw
Vehumet
Yredelemnul
Zin

Annotations:
D:8 Erica


Innate Abilities, Weirdness & Mutations

You have a pair of horns on your head.
You have razor-sharp toenails.
Your flesh is heat resistant. (rF+)


Message History

You closely miss Erica. Your headbutt misses Erica.
Erica is almost dead.
Erica points at you and mumbles some strange words.
You are confused.
Erica gestures at you while chanting. The bolt of poison hits you!
You are poisoned.
You feel sick.
Erica hits you with a scimitar of flaming.
You feel a strong urge to attack something.
You are no longer berserk.
You are exhausted.
You feel as though you will be slow longer.
You feel sick.
You feel sick.
Erica hits you with a scimitar of flaming.
Erica burns you. Erica casts a spell at you. The orb of energy hits you!
You die...

##...#...................#
#....#...........[.......#
#....'...................#
##...#...........).......#
######._###.............#
#....#.............#
......###+####......#
..............'......##
..##....##.@@..#........
.. ###+###.....#.........
#.....#........(
#.....#.........
+....<#........
#.....#........
##+####........ ......###
......+


You could see Erica (invisible).

Vanquished Creatures
  The ghost of JOKERXD40 the Slasher, a novice HOFi of Makhleb (D:6)
  A spriggan (D:7)
  2 sky beasts
  2 phantoms
  4 ogres
  2 centaurs
  3 bullfrogs
  An elf zombie (Ossuary)
  A scorpion (D:4)
  5 wights (D:6)
  A crimson imp (D:7)
  A human zombie (Ossuary)
  3 centaur zombies
  3 hounds
  4 orc priests
  A bullfrog skeleton (D:5)
  An iguana (D:5)
  4 orc wizards
  7 worker ants
  2 big kobold zombies (Ossuary)
  A hound skeleton (D:8)
  3 mummies
  A howler monkey zombie (D:6)
  7 gnolls
  8 adders
  A shadow imp (D:6)
  2 oozes
  2 adder skeletons (D:6)
  2 worms
  A dart slug (D:1)
  5 leopard geckos
  36 orcs
  4 bats
  6 giant cockroaches
  4 goblins
  8 hobgoblins
  2 jackals (D:5)
  6 kobolds
  A quokka (D:8)
  A ball python (D:4)
  4 frilled lizards
  A giant cockroach zombie (D:5)
  A goblin zombie (Ossuary)
  15 hobgoblin zombies (Ossuary)
  A jackal zombie (Ossuary)
  8 kobold zombies (Ossuary)
  A leopard gecko skeleton (D:6)
  A leopard gecko zombie (D:5)
  4 orc zombies (Ossuary)
  10 rats
  2 rat zombies (Ossuary)
  A spectral orc (D:4)
199 creatures vanquished.

Vanquished Creatures (collateral kills)
  An ice beast (D:6)
  A hound (D:6)
  A jelly (D:6)
  A gnoll (D:6)
  An adder (D:6)
5 creatures vanquished.

Vanquished Creatures (others)
  A hound (D:7)
1 creature vanquished.

Grand Total: 205 creatures vanquished

Notes
Turn   | Place    | Note
-------+----------+-------------------------------------------
     0 | D:1      | troglodite the Demonspawn Berserker began the quest for the Orb.
     0 | D:1      | Reached XP level 1. HP: 18/18 MP: 1/1
   273 | D:1      | Gained mutation: You have a pair of small horns on your head. [demonic ancestry]
   273 | D:1      | Reached XP level 2. HP: 12/24 MP: 2/2
  1358 | D:2      | Gained mutation: You have sharp toenails. [demonic ancestry]
  1358 | D:2      | Reached XP level 3. HP: 13/29 MP: 3/3
  1773 | D:2      | Reached ** piety under Trog
  1792 | D:2      | Gained mutation: You have razor-sharp toenails. [demonic ancestry]
  1792 | D:2      | Reached XP level 4. HP: 35/37 MP: 4/4
  1954 | D:3      | Reached skill level 1 in Shields
  2192 | D:3      | Reached XP level 5. HP: 31/42 MP: 5/5
  2510 | D:3      | Found a glowing silver altar of Zin.
  2570 | D:3      | Found a white marble altar of Elyvilon.
  3164 | D:4      | Reached *** piety under Trog
  3164 | D:4      | Gained mutation: Your flesh is heat resistant. (rF+) [demonic ancestry]
  3164 | D:4      | Reached XP level 6. HP: 42/48 MP: 6/6
  3475 | D:4      | Found a basalt altar of Yredelemnul.
  3751 | D:5      | Entered Level 5 of the Dungeon
  3824 | D:5      | Found a staircase to the Ecumenical Temple.
  3872 | D:5      | Gained mutation: You have a pair of horns on your head. [demonic ancestry]
  3872 | D:5      | Reached XP level 7. HP: 55/55 MP: 7/7
  4066 | D:5      | You fall through a shaft for 2 floors!
  4071 | D:7      | Found a sand-covered staircase.
  4093 | Ossuary  | Entered an ossuary
  4184 | Ossuary  | Reached **** piety under Trog
  4652 | D:7      | Noticed a spriggan baker
  4666 | D:7      | Killed a spriggan baker
  4666 | D:7      | Reached skill level 5 in Fighting
  4666 | D:7      | Reached XP level 8. HP: 33/62 MP: 8/8
  4834 | D:6      | Noticed JOKERXD40's ghost (novice HOFi)
  4867 | D:6      | Killed JOKERXD40's ghost
  4867 | D:6      | Reached skill level 5 in Long Blades
  4867 | D:6      | Reached skill level 1 in Stealth
  5077 | D:6      | Found a radiant altar of Vehumet.
  5136 | D:6      | Reached skill level 5 in Shields
  5212 | D:6      | Reached XP level 9. HP: 52/69 MP: 9/9
  5462 | D:6      | Got a faintly glowing flail
  5470 | D:6      | Identified the cursed +3 flail of Deflation {flame, rN+ SInv} (You found it on level 6 of the Dungeon)
  6082 | D:6      | Reached skill level 1 in Maces & Flails
  6872 | D:5      | Reached skill level 5 in Armour
  7461 | D:7      | Found a stormy altar of Qazlal.
  7875 | D:8      | Reached ***** piety under Trog
  7888 | D:8      | Found a hide-covered altar of Uskayaw.
  7950 | D:8      | Noticed Erica
  7970 | D:8      | Killed from afar by Erica

Skill      XL: |  1  2  3  4  5  6  7  8  9 |
---------------+----------------------------+-----
Dodging        | 2 3 4 |  4.9
Armour         | 2 3 4 5 |  5.3
Long Blades    | 3 4 5 |  5.8
Shields        | 1 2 4 5 6 |  6.3
Fighting       | 4 5 6 |  6.5
Stealth        | 1 |  1.2
Maces & Flails | 2 |  2.6

Action                   |  1- 3 |  4- 6 |  7- 9 || total
-------------------------+-------+-------+-------++-------
Melee: Falchion          |    78 |   170 |   270 ||   518
       Headbutt          |     6 |    40 |   107 ||   153
       Kick              |     2 |    16 |       ||    18
       Flail             |       |       |   155 ||   155
       Long sword        |       |       |     3 ||     3
Invok: Berserk           |     1 |     4 |     6 ||    11
       Brothers in Arms  |       |       |     1 ||     1
  Use: Scroll            |       |       |     8 ||     8
 Stab: Sleeping          |     1 |       |     1 ||     2
       Distracted        |       |       |     1 ||     1
  Eat: Chunk             |     4 |     9 |    17 ||    30
       Ration            |       |       |     1 ||     1
Armor: Animal skin       |     4 |       |       ||     4
       Scale mail        |    16 |    58 |   150 ||   224
Dodge: Dodged            |    35 |    56 |   102 ||   193
Block: Shield            |    12 |    47 |       ||    59
       Large shield      |       |    34 |   350 ||   384
       Rpst.: Falchion   |    13 |    23 |    18 ||    54
